Map: [TLMC15] Pride of Altaris

Players

Serral - Winner!

  • Race: Zerg Zerg

Dream

  • Race: Terran Terran

Event: DreamHack SC2 Masters Last Chance 2022

VOD

Have the link to the VOD?

Description

Time

  • Played on: Jan. 14, 2022, 12:01 p.m.
  • Length: 8:48

All games in this series

Show
View Real Time Build Order
Export as new Build Order

Serral Zerg - Winner!

Build Orders: Hatch First 

Get SALT Encoding   

  12  0:00  Drone  
  13  0:12  Overlord  
  13  0:17  Drone  
  14  0:30  Drone x2  
  16  0:47  Hatchery  
  15  0:51  Drone  
  15  0:54  Drone  
  17  0:58  Drone  
  18  1:08  Extractor  
  17  1:13  Spawning Pool  
  17  1:16  Drone  
  17  1:19  Drone  
  18  1:28  Drone  
  19  1:38  Drone  
  20  1:49  Drone  
  21  2:00  Queen x2  
  21  2:01  Zergling x4  
  27  2:10  Overlord  
  27  2:12  Drone  
  28  2:28  Drone, Hatchery  
  28  2:30  Drone  
  28  2:32  Drone  
  28  2:33  Drone  
  31  2:37  Metabolic Boost  
  31  2:46  Queen  
  31  2:50  Overlord  
  33  2:53  Drone  
  33  2:55  Drone  
  33  2:58  Drone  
  36  3:02  Pneumatized Carapace  
  36  3:10  Drone x3  
  40  3:12  Drone  
  40  3:16  Overlord  
  39  3:21  Queen  
  39  3:24  Drone  
  39  3:25  Drone  
  43  3:29  Overlord  
  43  3:39  Drone, Queen  
  43  3:40  Zergling x2  
  43  3:41  Zergling x2  
  48  3:42  Drone  
  48  3:46  Zergling x2  
  48  3:47  Drone x2  
  52  3:53  Zergling x2  
  53  3:56  Zergling x6  
  53  4:02  Drone x4  
  56  4:10  Spore Crawler  
  56  4:13  Drone x2  
  56  4:17  Overlord  
  57  4:22  Overlord  
  57  4:30  Overlord  
  58  4:35  Drone  
  57  4:40  Queen  
  57  4:43  Drone x2, Lair  
  60  4:46  Drone, Baneling Nest, Extractor  
  60  4:47  Drone x2  
  60  4:48  Drone x2  
  60  4:49  Drone x4  
  64  4:53  Drone x3  
  64  4:56  Drone  
  64  4:59  Drone, Evolution Chamber  
  68  5:00  Extractor  
  68  5:01  Drone  
  68  5:02  Drone  
  68  5:05  Drone x2  
  71  5:08  Drone  
  71  5:10  Drone x2  
  74  5:20  Overlord  
  74  5:22  Overlord  
  74  5:24  Zerg Ground Armor Level 1  
  74  5:28  Overlord  
  74  5:31  Overlord, Extractor  
  73  5:36  Overlord  
  73  5:38  Queen  
  73  5:40  Zergling x6  
  73  5:41  Zergling x10  
  73  5:42  Centrifugal Hooks  
  83  5:45  Zergling x2  
  83  5:46  Zergling x2  
  85  5:54  Overseer  
  85  5:55  Zergling x2  
  85  5:56  Zergling x10  
  91  5:59  Drone  
  91  6:03  Hatchery  
  91  6:06  Zergling x4  
  91  6:09  Queen x2  
  97  6:14  Overlord  
  97  6:16  Queen  
  99  6:19  Zergling x2  
  99  6:20  Zergling x12  
  99  6:24  Baneling x8  
  106  6:29  Overlord  
  106  6:30  Zergling x8  
  110  6:36  Baneling x10  
  110  6:39  Zergling x2  
  112  6:40  Zergling x4  
  112  6:44  Zergling x4  
  112  6:46  Zergling x2  
  115  6:50  Zergling x12  
  121  6:58  Overlord  
  121  6:59  Zergling x8  
  125  7:04  Baneling x12  
  125  7:07  Overlord x2  
  121  7:20  Zergling x10  
  121  7:22  Baneling x4  
  124  7:28  Zergling x20  
  128  7:35  Baneling x2  
  128  7:42  Zergling x10  
  114  7:53  Zergling x8, Queen x4  
  115  8:00  Baneling x11  
  115  8:04  Zergling x6, Evolution Chamber  
  117  8:10  Zergling x10  
  117  8:11  Zergling x2  
  123  8:16  Zergling x8  
  126  8:21  Zergling x6  
  129  8:28  Overlord  
Show
View Real Time Build Order
Export as new Build Order

Dream Terran 

Build Orders: Gas First Reaper Expand, Hellion Opening 

Get SALT Encoding   

  12  0:00  SCV  
  13  0:12  SCV  
  14  0:17  Supply Depot  
  14  0:24  SCV  
  14  0:27  Refinery  
  15  0:38  SCV  
  16  0:44  Barracks  
  16  0:50  SCV  
  17  1:02  SCV  
  18  1:15  SCV  
  19  1:31  Orbital Command  
  19  1:32  Reaper  
  20  1:41  Command Center  
  20  1:52  Factory  
  20  1:56  SCV  
  21  2:05  Barracks Reactor  
  21  2:07  Supply Depot  
  21  2:09  SCV  
  22  2:21  SCV  
  23  2:28  Refinery  
  23  2:33  SCV  
  24  2:44  Starport  
  24  2:45  Hellion x2, SCV  
  29  2:53  Orbital Command  
  29  2:54  Barracks Tech Lab  
  29  2:57  SCV  
  30  3:07  Hellion x2  
  30  3:09  SCV  
  35  3:15  Stimpack  
  35  3:19  SCV  
  36  3:21  SCV  
  36  3:26  Viking  
  39  3:29  Marine  
  39  3:33  SCV x2  
  42  3:40  Hellion x2  
  46  3:45  Supply Depot  
  46  4:02  SCV, Marine  
  46  4:03  SCV  
  40  4:11  Starport Reactor  
  40  4:14  SCV  
  40  4:15  SCV  
  42  4:19  Barracks  
  42  4:20  Barracks  
  42  4:21  Marine  
  42  4:24  Factory Tech Lab  
  43  4:27  SCV x2  
  43  4:30  Engineering Bay  
  42  4:39  SCV x2, Marine  
  44  4:51  SCV x2  
  45  4:56  Engineering Bay  
  45  4:57  Terran Infantry Weapons Level 1, Marine  
  45  4:58  Supply Depot  
  45  4:59  Starport Reactor  
  46  5:00  Refinery  
  46  5:03  SCV x2, Combat Shield  
  46  5:05  Supply Depot  
  48  5:07  Siege Tank  
  48  5:10  Marine x2  
  53  5:14  Marine  
  53  5:15  Barracks  
  53  5:20  SCV x2  
  56  5:25  Barracks  
  56  5:28  Refinery, Marine  
  56  5:29  Marine  
  56  5:31  Marine x2  
  60  5:36  Terran Infantry Armor Level 1  
  60  5:38  Marine  
  60  5:39  Medivac  
  60  5:41  Medivac  
  65  5:44  Supply Depot  
  65  5:46  Marine  
  65  5:49  Marine x2  
  68  5:52  Marine  
  68  5:55  Marine  
  70  5:59  Supply Depot  
  70  6:00  Supply Depot  
  70  6:06  Supply Depot, Siege Tank, Marine x2  
  75  6:11  Marine  
  75  6:12  Marine x2  
  78  6:19  Marine x2  
  78  6:20  Medivac  
  78  6:21  Liberator  
  83  6:30  Marine x3  
  83  6:31  Marine x2  
  88  6:37  Marine x2  
  90  6:44  Siege Tank  
  93  6:47  Marine  
  93  6:48  Marine x3  
  93  6:49  Marine  
  98  6:55  Supply Depot x2, Marine x2  
  100  7:08  Orbital Command  
  98  7:17  Marine x7  
  98  7:20  Liberator  
  98  7:22  Liberator  
  94  7:34  Marine x7  
  92  7:54  Marine x3  
  92  7:57  Siege Tank, Marine  
  86  8:03  Marine x2  
  86  8:04  Marine  
  89  8:12  Marine x2  
  91  8:13  Marine  
  91  8:15  Marine  
  96  8:20  Marine  
  96  8:21  Marine  
  96  8:25  Supply Depot, Marine  
  99  8:30  Marine  

Tags
 
Add a new tag
Caveats
  • Supply blocks, unpowered buildings, or Contaminate may cause inaccurate times.
  • Supply counts are checked every 10 seconds.